 Dungeon Crawl Stone Soup version 0.30-a0-737-gf23d94013f (webtiles) character file.

Game seed: 5213551661400923486

44 arthad the Caller (level 3, 0/14 HPs)
             Began as a Felid Summoner on Feb 3, 2023.
             Slain by a gnoll
             ... wielding a +0 spear
              (1 damage)
             ... on level 2 of the Dungeon.
             The game lasted 00:02:58 (1137 turns).

arthad the Caller (Felid Summoner)                  Turns: 1137, Time: 00:02:59

Health: 0/14       AC:  1    Str:  4    XL:     3   Next: 41%
Magic:  3/7        EV: 17    Int: 18    God:
Gold:   73         SH:  0    Dex: 16    Spells: 3/6 levels left
                                        Lives:  0   Deaths: 0

rFire   . . .      SeeInvis +    (weapon unavailable)
rCold   . . .      Faith    .    (shield unavailable)
rNeg    . . .      Spirit   .    (body armour unavailable)
rPois   .          Reflect  .    (helmet unavailable)
rElec   .          Harm     .    (cloak unavailable)
rCorr   .          Rampage  .    (gloves unavailable)
Will    .....                    (boots unavailable)
Stlth   ++                       (no amulet)
HPRegen 0.22/turn                (no ring)
MPRegen 0.10/turn                (no ring)

@: quick
A: very small, claws 1, fangs 3, see invisible, speed 1, shaggy fur 1, stealthy
paws, no weapons or thrown items, no armour, multi-lived
a: no special abilities


You were on level 2 of the Dungeon.
You visited 1 branch of the dungeon, and saw 2 of its levels.

You collected 73 gold pieces.

Inventory:

Scrolls
 c - 2 scrolls of identify {unknown}
 d - a scroll of summoning {unknown}
 e - a scroll of teleportation {unknown}
 f - a scroll of fog {unknown}
Potions
 a - a potion of magic
 b - 3 potions of curing {unknown}


   Skills:
 - Level 2.6 Dodging
 - Level 2.6 Stealth
 - Level 2.0 Spellcasting
 + Level 5.2 Summonings


You had 3 spell levels left.
You knew the following spells:

 Your Spells              Type           Power      Damage    Failure   Level
a - Summon Small Mammal   Summ           80%        N/A       1%          1
b - Call Imp              Summ           20%        N/A       3%          2

Your spell library contained the following spells:

 Spells                   Type           Power      Damage    Failure   Level
 Call Canine Familiar     Summ           20%        N/A       6%          3
 Summon Guardian Golem    Hex/Summ       11%        N/A       19%         3
 Summon Lightning Spire   Summ/Air       11%        N/A       52%         4


Dungeon Overview and Level Annotations

Branches:
Dungeon (2/15)

Altars:


Innate Abilities, Weirdness & Mutations

You have sharp claws.
You have razor-sharp teeth.
You have supernaturally acute eyesight. (SInv)
You cover ground quickly. (Speed+)
You are covered in fur. (AC +1)
Your paws help you pounce on unaware monsters.
You are incapable of wielding weapons or throwing items.
You cannot wear armour.
You gain extra lives every three experience levels.


Message History

Your experience leads to an increase in your attributes!
Increase (S)trength, (I)ntelligence, or (D)exterity?
You feel clever. x2
A hobgoblin and a gnoll come into view.
Found 4 stones.
A quokka comes into view.
The hobgoblin shouts!
Your white imp gestures at the gnoll.
The puff of frost hits the gnoll!
The gnoll closely misses your white imp.
The gnoll throws a throwing net.
The throwing net hits you.
You become entangled in the net!
Your quokka bites the gnoll.
You see here a throwing net.
You struggle against the net.
The adder bites your white imp but does no damage.
Your white imp barely misses the gnoll.
The gnoll misses your quokka. The gnoll barely misses your white imp.
Your quokka bites the gnoll.
You struggle against the net.
The adder bites your white imp but does no damage.
The gnoll hits your quokka with a +0 spear!
Your quokka dies!
Your quokka's corpse disappears in a puff of smoke!
Your white imp gestures at the gnoll.
The puff of frost hits the gnoll!
The gnoll dies!
The gnoll hits you from afar with a +0 spear.
The adder barely misses your white imp.
You struggle against the net.
The gnoll hits you from afar with a +0 spear.
* * * LOW HITPOINT WARNING * * *
Your rat barely misses the gnoll.
You rip the net and break free!
The gnoll closely misses you. The gnoll barely misses you.
Your rat barely misses the gnoll.
Your white imp barely misses the gnoll.
The quokka barely misses your white imp.
The adder bites you.
* * * LOW HITPOINT WARNING * * *
The quokka misses your white imp.
Your rat closely misses the gnoll.
The gnoll hits you from afar with a +0 spear.
You die...

#.#.# #[#.#
#####.#.# ##
#.......# ..
#....######.#
#.
#..##.......#
#.
#†.<#.#######
#.####.##.#
#..@......#
#.Sr#######
#.....ggg
#.#.).5r... #
#..........
#..........
#..........
#$....(....


You could see 2 gnolls, an adder, a quokka, a friendly white imp (summoned) and
a friendly rat (summoned).

Vanquished Creatures
  A bat (D:1)
  A giant cockroach (D:1)
  A jackal (D:1)
  A kobold (D:1)
4 creatures vanquished.

Vanquished Creatures (collateral kills)
  2 gnolls (D:2)
  A worm (D:2)
  An endoplasm (D:1)
  A goblin (D:1)
  3 hobgoblins (D:1)
  3 jackals (D:1)
  A ball python (D:2)
  2 bats (D:1)
  A kobold (D:1)
  2 rats (D:1)
17 creatures vanquished.

Grand Total: 21 creatures vanquished

Notes
Turn   | Place    | Note
-------+----------+-------------------------------------------
     0 | D:1      | arthad the Felid Summoner began the quest for the Orb.
     0 | D:1      | Reached XP level 1. HP: 7/7 MP: 4/4
     0 | D:1      | Noticed a demonspawn
     0 | D:1      | Noticed a demigod
     4 | D:1      | Noticed a merfolk
     4 | D:1      | Noticed a human
     6 | D:1      | Noticed a dwarf
     7 | D:1      | Noticed a tengu
    11 | D:1      | Noticed a dwarf
    13 | D:1      | Noticed an elf
    13 | D:1      | Noticed a minotaur
    15 | D:1      | Noticed a naga
    15 | D:1      | Noticed a minotaur
    15 | D:1      | Noticed a draconian
    17 | D:1      | Noticed an elf
    19 | D:1      | Noticed a troll
    21 | D:1      | Noticed an ogre
   231 | D:1      | Found a faded altar of an unknown god.
   381 | D:1      | Reached XP level 2. HP: 11/11 MP: 3/6
  1065 | D:2      | Learned a level 2 spell: Call Imp
  1131 | D:2      | Reached skill level 5 in Summonings
  1131 | D:2      | Reached XP level 3. HP: 14/14 MP: 2/7
  1137 | D:2      | Slain by a gnoll

Illustrated notes

Levels and vault maps discovered:
D:1:      shiori_arrival_whats_in_store_for_you, layout_basic,
          hellmonk_ecumenical_altar_arch_garden, minmay_misc_feat_doors,
          serial_park_tiny_pond
D:2:      layout_basic, corexii_hall_statues_i, st_stairs_1

Skill      XL: |  1  2 |
---------------+-------+-----
Summonings     | 5 |  5.2
Dodging        | |  2.6
Stealth        | |  2.6
Spellcasting   | |  2.0

Action                     || total
---------------------------++-------
  Melee: Unarmed           ||    15
         Bite              ||     2
         Punch             ||     1
   Cast: Summon Small Mamm ||    43
         Call Imp          ||     2
 Armour: Skin              ||     3
  Dodge: Dodged            ||    19

Table legend: (Time is in decaauts)
 A = Elapsed time spent in this place.
 B = Non-inter-level travel time spent in this place.
 C = Inter-level travel time spent in this place.
 D = Time resting spent in this place.
 E = Time spent auto-exploring this place.
 F = Levels seen in this place.
 G = Mean time per level.
                   A        B        C        D        E       F      G
               +--------+--------+--------+--------+--------+-----+--------+
         Total |   1001 |    956 |     45 |      0 |    745 |   2 |  500.5 |
       Dungeon |   1001 |    956 |     45 |      0 |    745 |   2 |  500.5 |
               +--------+--------+--------+--------+--------+-----+--------+

Top non-repeatable levels by time:
     D:1: 927 daAuts
     D:2: 74 daAuts
